 Dungeon Crawl Stone Soup version bcrawl-1.32 (webtiles) character file.

Game seed: 14069798321100505752

491443 Morbidden the Victor of a Thousand Battles (level 16, -1/135 HPs)
             Began as a Demonspawn Archaeologist on July 3, 2021.
             Was the Champion of Okawaru.
             Killed from afar by Aizul (29 damage)
             ... with a poison arrow
             ... on level 1 of the Vaults.
             The game lasted 00:51:25 (26337 turns).

Morbidden the Victor of a Thousand Battles (DsAc)  Turns: 26337, Time: 00:51:26

Health: -1/135     AC: 27    Str: 19    XL:     16   Next: 11%
Magic:  25/25      EV: 17    Int: 19    God:    Okawaru [******]
Gold:   872        SH: 17    Dex: 12    Spells: 15/15 levels left

rFire    . . .     SeeInvis +   a - +5 demon blade (elec)
rCold    + . .     Gourm    .   x - +2 medium shield of Beisi {Int+4}
rNeg     . . .     Faith    .   X - +4 troll leather armour
rPois    .         Spirit   .   I - +2 hat {SInv}
rElec    .         Reflect  .   F - +0 cloak {rC+}
rCorr    .         Harm     .   l - +0 pair of gloves
MR       +....                  K - +2 pair of boots {Stlth++}
Stlth    +++++++++.             G - amulet of the acrobat
HPRegen  0.72/turn              M - +6 ring of protection
MPRegen  0.19/turn              w - +5 ring of protection

@: lethally poisoned (-1 -> -52), studying Throwing
A: talons 2, repulsion field 2, nightstalker 3, robust 1, spiny 1
a: Heroism, Finesse, Renounce Religion


You were on level 1 of the Vaults.
You worshipped Okawaru.
Okawaru was exalted by your worship.
You were not hungry.

You visited 5 branches of the dungeon, and saw 21 of its levels.
You also visited: Bailey and Ice Cave.

You collected 2637 gold pieces.
You spent 1765 gold pieces at shops.

Inventory:

Hand Weapons
 a - a +5 demon blade of electrocution (weapon)
 b - a +2 dagger of venom
 f - a +0 blowgun
 O - a +1 falchion of flaming
 P - the +9 hunting sling "Mokufur" {flame, Str+2}
   (Okawaru gifted it to you on level 1 of the Vaults)

   It causes projectiles fired from it to surge with flame as they hit,
   increasing damage dealt by approximately one third against foes not resistant
   or susceptible to fire.
   It affects your strength (+2).
Missiles
 k - 1390 poisoned tomahawks (quivered)
 m - 5088 stones
 n - 285 javelins
 t - 290 poisoned needles
 z - 2421 sling bullets
 L - 118 curare-tipped needles
 Q - 6 throwing nets {=f}
 R - 118 javelins of penetration {=f}
Armour
 l - a +0 pair of gloves (worn)
 x - the +2 medium shield of Beisi (worn) {Int+4}
   (Okawaru gifted it to you on level 11 of the Dungeon)

   It affects your intelligence (+4).
 F - a +0 cloak of cold resistance (worn)
 I - a +2 hat of see invisible (worn)
 K - a +2 pair of boots of stealth (worn)
 X - a +4 troll leather armour (worn)
Jewellery
 h - a +4 ring of evasion
 u - an uncursed ring of positive energy
 w - a +5 ring of protection (right hand)
 C - an uncursed ring of poison resistance
 G - an amulet of the acrobat (around neck)
 M - a +6 ring of protection (left hand)
 Y - a cursed ring of fire
Wands
 E - a wand of flame (48)
 J - a wand of paralysis (25)
 N - a wand of scattershot (5)
 W - a wand of acid (15)
Scrolls
 g - a scroll of magic mapping
 i - 2 scrolls of identify
 j - 7 scrolls of remove curse
 r - a scroll of enchant armour
 y - a scroll of teleportation
 A - 5 scrolls of fog
 B - 8 scrolls of immolation
 H - a scroll of fear
Potions
 d - a potion of cancellation
 o - 2 potions of invisibility
 p - 4 potions of magic
 q - 4 potions of heal wounds
 s - 3 potions of flight
 v - 3 potions of lignification
 D - 2 potions of ambrosia
 S - 6 potions of curing
 T - a potion of agility
 V - 2 potions of resistance
Miscellaneous
 Z - a phantom mirror
Comestibles
 c - 7 chunks of flesh
 e - 35 rations {!d}


   Skills:
 * Level 10.5 Fighting
 * Level 7.2(10.2) Short Blades
 * Level 11.2(12.0) Long Blades
   Level 0.8 Maces & Flails
 + Level 8.6(9.0) Slings
 * Level 4.0(6.8) Throwing
 * Level 5.9 Armour
 * Level 10.2 Dodging
 * Level 9.6 Stealth
 * Level 10.6 Shields
 * Level 12.7 Invocations


You had 15 spell levels left.
You didn't know any spells.
Your spell library contained the following spells:

 Spells                   Type           Power        Failure   Level  Hunger
 Beastly Appendage        Tmut           #.....       77%         1    None
 Corona                   Hex            #......      77%         1    None
 Magic Dart               Conj           #...         77%         1    None
 Blink                    Tloc           N/A          88%         2    ####...
 Call Imp                 Summ           #.....       88%         2    ####...
 Ensorcelled Hibernation  Hex/Ice        #.....       88%         2    ####...
 Passwall                 Tmut/Erth      #.......     88%         2    ####...
 Sticks to Snakes         Tmut           #.......     88%         2    ####...
 Call Canine Familiar     Summ           #.......     98%         3    #####..
 Confuse                  Hex            #.......     98%         3    #####..
 Conjure Flame            Conj/Fire      #.......     98%         3    #####..
 Dazzling Orbs            Conj/Hex       #......      98%         3    #####..
 Mephitic Cloud           Conj/Pois/Air  #.......     98%         3    #####..
 Spider Form              Tmut/Pois      #..          98%         3    #####..
 Tukima's Dance           Hex            #.......     98%         3    #####..
 Cause Fear               Hex            #.........   100%        4    ######.
 Ice Form                 Ice/Tmut       #.......     100%        4    ######.
 Petrify                  Tmut/Erth      #.........   100%        4    ######.
 Summon Ice Beast         Ice/Summ       #.......     100%        4    ######.
 Yara's Violent Unravell  Hex/Tmut       #.........   100%        4    ######.
 Blade Hands              Tmut           #.........   100%        5    #######
 Metabolic Englaciation   Hex/Ice        #.........   100%        5    #######
 Silence                  Hex/Air        #.........   100%        5    #######
 Summon Lightning Spire   Summ/Air       #.......     100%        5    #######
 Summon Mana Viper        Hex/Summ       #.......     100%        5    #######
 Conjure Ball Lightning   Conj/Air       #.........   100%        6    #######
 Deflect Missiles         Chrm/Air       #.........   100%        6    #######
 Summon Hydra             Summ           #.........   100%        6    #######
 Mana Rupture             Conj/Hex       #.........   100%        7    #######
 Monstrous Menagerie      Summ           #.........   100%        7    #######
 Tornado                  Tloc/Air       #.........   100%        8    #######


Dungeon Overview and Level Annotations

Branches:
Dungeon (12/12)            Temple (0/1) D:7            Lair (6/6) D:8
  Swamp (0/3) Lair:2        Snake (1/3) Lair:2        Slime (0/5) Lair:6
    Orc (1/1) D:8             Elf (0/3) Orc          Vaults (1/3) D:11
 Depths (0/5) D:12
  Crypt: Vaults:1-2

Altars:
Ashenzari
Cheibriados
Dithmenos
Elyvilon
Gozag
Lugonu
Makhleb
Nemelex Xobeh
Okawaru
Trog
Vehumet
Wu Jian
Yredelemnul
The Shining One
Beogh
Jiyva

Shops:
D:5 *   D:6 =*   D:9 [   D:10 !   Orc :}:*   Vaults:1 *

Annotations:
D:9 3 runed translucent doors, Morbidden's ghost, journeyman VSAc
Lair:2 exclusion: 2 oklob plants
Lair:4 exclusion: oklob plant
Lair:6 1 runed door
Vaults:1 Aizul


Innate Abilities, Weirdness & Mutations

You have razor-sharp toenails.
You are surrounded by a moderate repulsion field. (EV +3)
You are completely attuned to the shadows.
You are robust. (+10% HP)
You are partially covered in sharp spines.


Message History

You are more poisoned.
The poison arrow hits you!!!
* * * LOW HITPOINT WARNING * * *
An ironheart preserver comes into view. It is wielding a +0 flail.
Aizul says, "Feeling sleepy?"
Aizul coils herself and waves her upper body at you.
You fall asleep.
* * * LOW HITPOINT WARNING * * *
You feel very sick. Aizul barely misses you.
* * * LOW HITPOINT WARNING * * *
You feel very sick. Aizul hits you.
You wake up.
* * * LOW HITPOINT WARNING * * *
The ironheart preserver gestures wildly while chanting.
The ironheart preserver begins to accept its allies' injuries.
Aizul casts a spell at you.
You are more poisoned.
The poison arrow hits you!!
You die...

#[#.#.....#
###.#####.#
... #...#
#####.#
#.....#
#####.# #
#.# .#.#.+
.pDS@#
######


You could see Aizul, an ironheart preserver and an ice dragon.

Vanquished Creatures
  Gastronok (Lair:3)
  Asterion (Vaults:1)
  A nagaraja (Snake:1)
  An orc warlord (Orc)
  A vault warden (Vaults:1)
  3 very ugly things (Vaults:1)
  Snorg (Orc)
  Urug (D:12)
  Erolcha (D:12)
  7 hydras
  A rakshasa (D:11)
  A vault guard (Vaults:1)
  A yaktaur captain (D:12)
  2 centaur warriors (D:12)
  2 anacondas (Snake:1)
  8 two-headed ogres
  An alligator (Lair:6)
  4 orc high priests (Orc)
  Sonja (D:10)
  A salamander mystic (Snake:1)
  2 goliath frogs (Lair:6)
  A gelid demonspawn (IceCv)
  2 wizards (D:11)
  A naga ritualist (Snake:1)
  An ironheart convoker (Vaults:1)
  7 orc knights
  A necromancer (Vaults:1)
  10 ugly things
  A wolf spider zombie (D:12)
  3 orc sorcerers (Orc)
  2 manticores
  2 deep elf magi (D:11)
  2 salamanders (Snake:1)
  A guardian serpent (Lair:2)
  3 vault sentinels
  11 black mambas
  2 ice statues (IceCv)
  A gargoyle (D:10)
  2 centaur skeletons
  22 cane toads
  6 komodo dragons
  6 rime drakes
  A yaktaur (D:12)
  A tengu conjurer (D:9)
  A queen bee (Lair:1)
  8 ice devils (IceCv)
  4 tyrant leeches (Lair:6)
  10 trolls
  A polar bear (Lair:2)
  A bog body (Lair:2)
  A hornet (D:9)
  4 dream sheep (Lair:4)
  45 blink frogs
  A slime creature (D:7)
  13 hippogriffs
  5 wyverns
  7 spriggans
  58 yaks
  6 basilisks
  6 vampire mosquitoes (Lair:6)
  8 crocodiles
  2 wargs (Orc)
  8 water moccasins
  6 ice beasts
  10 porcupines
  A hornet zombie (D:10)
  6 sky beasts
  46 orc warriors
  2 eyes of draining (D:8)
  A phantom (D:9)
  5 necrophages
  13 ogres
  7 centaurs
  10 wolves
  3 big kobolds
  28 bullfrogs
  3 gnoll sergeants (D:6)
  A water moccasin skeleton (D:4)
  5 scorpions
  25 killer bees (Lair:1)
  A howler monkey (D:5)
  A lava snake (D:10)
  5 electric eels
  5 crimson imps
  6 centaur zombies
  2 quasits
  4 jellies
  24 orc priests
  2 gnoll shamans (D:6)
  13 hounds
  34 orc wizards
  6 iguanas
  6 worker ants
  A killer bee zombie (D:8)
  2 hound zombies
  A worker ant zombie (D:7)
  9 adders
  25 gnolls
  A shadow imp (D:6)
  8 white imps (IceCv)
  7 ufetubi (IceCv)
  2 oozes
  An adder zombie (D:6)
  2 adder skeletons
  5 worms
  4 dart slugs
  7 leopard geckos
  90 orcs
  3 giant cockroaches
  9 goblins
  5 hobgoblins
  10 jackals
  19 kobolds
  2 quokkas
  3 ball pythons
  5 bats
  5 frilled lizards
  A jackal skeleton (D:4)
  8 rats
836 creatures vanquished.

Vanquished Creatures (others)
  A white imp (IceCv)
  4 ufetubi (IceCv)
  3 bushes (Lair:6)
  14 fungi (Lair:6)
  53 plants
  6 toadstools (D:3)
81 creatures vanquished.

Grand Total: 917 creatures vanquished

Notes
Turn   | Place    | Note
-------+----------+-------------------------------------------
     0 | D:1      | Morbidden the Demonspawn Archaeologist began the quest for
                  | the Orb.
     0 | D:1      | Reached XP level 1. HP: 15/15 MP: 1/1
   280 | D:1      | Gained mutation: You are surrounded by a mild repulsion
                  | field. (EV +2) [demonic ancestry]
   280 | D:1      | Reached XP level 2. HP: 21/21 MP: 2/2
   607 | D:1      | Gained mutation: You are partially covered in sharp spines.
                  | [demonic ancestry]
   607 | D:1      | Reached XP level 3. HP: 27/27 MP: 3/3
   818 | D:2      | Reached skill level 1 in Slings
   974 | D:2      | Found a burning altar of Makhleb.
  2069 | D:3      | Reached XP level 4. HP: 33/33 MP: 4/4
  2269 | D:3      | Reached skill level 1 in Armour
  2311 | D:3      | Gained mutation: You are surrounded by a moderate repulsion
                  | field. (EV +3) [demonic ancestry]
  2311 | D:3      | Reached XP level 5. HP: 38/38 MP: 5/5
  2311 | D:3      | Identified a scroll of acquirement
  2521 | D:3      | Found a glowing golden altar of the Shining One.
  2521 | D:3      | Found an ornate altar of the Wu Jian Council.
  2850 | D:3      | Found an iron altar of Okawaru.
  2931 | D:3      | Became a worshipper of Warmaster Okawaru
  2987 | D:4      | Noticed an ogre
  3180 | D:4      | Noticed a sky beast
  3200 | D:4      | Killed a sky beast
  3201 | D:4      | Reached skill level 1 in Invocations
  3201 | D:4      | Reached XP level 6. HP: 37/46 MP: 5/7
  3221 | D:4      | Reached skill level 1 in Shields
  3231 | D:4      | Reached skill level 2 in Invocations
  3371 | D:4      | Reached * piety under Okawaru
  3372 | D:4      | Reached XP level 7. HP: 36/52 MP: 8/8
  3504 | D:4      | Reached skill level 1 in Throwing
  3861 | D:5      | Entered Level 5 of the Dungeon
  3870 | D:5      | Found a sparkling altar of Nemelex Xobeh.
  3918 | D:5      | Reached skill level 1 in Short Blades
  3942 | D:5      | Found a white marble altar of Elyvilon.
  4155 | D:5      | Reached skill level 3 in Invocations
  4170 | D:5      | Reached ** piety under Okawaru
  4171 | D:5      | Reached XP level 8. HP: 35/58 MP: 10/10
  4348 | D:5      | Found a shattered altar of Ashenzari.
  4528 | D:5      | Found Lewanov's Elemental Accessories.
  4597 | D:5      | Found a basalt altar of Yredelemnul.
  4926 | D:6      | Reached skill level 5 in Slings
  5038 | D:6      | Reached skill level 5 in Dodging
  5078 | D:6      | Found Soarrel's Jewellery Boutique.
  5086 | D:6      | Noticed a two-headed ogre
  5111 | D:6      | Killed a two-headed ogre
  5111 | D:6      | Reached *** piety under Okawaru
  5112 | D:6      | Reached skill level 4 in Invocations
  5112 | D:6      | Gained mutation: You are slightly more attuned to the
                  | shadows. [demonic ancestry]
  5112 | D:6      | Reached XP level 9. HP: 42/65 MP: 10/12
  5189 | D:6      | Found Nooryeli's General Store.
  5314 | D:6      | Found an opulent altar of Gozag.
  5533 | D:6      | Found a bloodstained altar of Trog.
  5556 | D:6      | Reached skill level 5 in Invocations
  5622 | D:6      | Reached **** piety under Okawaru
  5867 | D:6      | Reached skill level 1 in Long Blades
  5915 | D:6      | Received a gift from Okawaru
  5958 | D:6      | Reached skill level 5 in Fighting
  6578 | D:7      | Reached skill level 6 in Invocations
  6604 | D:7      | Gained mutation: You are significantly more attuned to the
                  | shadows. [demonic ancestry]
  6604 | D:7      | Reached XP level 10. HP: 71/74 MP: 14/14
  6720 | D:7      | Received a gift from Okawaru
  6874 | D:7      | Reached ***** piety under Okawaru
  7120 | D:7      | Found a staircase to the Ecumenical Temple.
  7171 | D:7      | Found a radiant altar of Vehumet.
  7211 | D:7      | Found a corrupted altar of Lugonu.
  7421 | D:8      | Found a staircase to the Lair.
  7619 | D:8      | Received a gift from Okawaru
  7620 | D:8      | Reached skill level 7 in Invocations
  7622 | D:8      | Got a brightly glowing hat {god gift}
  7633 | D:8      | Identified the +0 hat of Awe {Int+4} (Okawaru gifted it to
                  | you on level 8 of the Dungeon)
  7929 | D:8      | Reached skill level 5 in Shields
  8006 | D:8      | Gained mutation: You have sharp toenails. [demonic
                  | ancestry]
  8006 | D:8      | Reached XP level 11. HP: 43/83 MP: 4/16
  8011 | D:8      | Noticed a two-headed ogre
  8192 | D:8      | Killed a two-headed ogre
  8834 | D:8      | Found a staircase to the Orcish Mines.
  8940 | D:8      | Found a roughly hewn altar of Beogh.
  9179 | D:9      | Found a snail-covered altar of Cheibriados.
  9320 | D:9      | Reached skill level 5 in Long Blades
  9320 | D:9      | Reached skill level 8 in Invocations
  9361 | D:9      | Noticed Morbidden's ghost (journeyman VSAc)
  9395 | D:9      | Found Opruurush's Armour Boutique.
  9521 | D:9      | Identified the +3 leather armour "Ockyaf" {Dex+3}
  9524 | D:9      | Found a runed translucent gate.
  9525 | D:9      | Found a runed translucent gate.
  9526 | D:9      | Found a runed translucent gate.
  9528 | D:9      | Identified the +2 dire flail "Ucki" {flame, rPois MP-9
                  | Str+5}
  9528 | D:9      | Identified the cursed +0 chain mail of Feasting {rF+ rN+
                  | Str-5}
  9529 | D:9      | Identified the ring "Gecufi" {rPois Str+3 Slay+2 Stlth++}
 10215 | D:10     | Entered Level 10 of the Dungeon
 10349 | D:10     | Noticed a cyan ugly thing
 10373 | D:10     | Killed a cyan ugly thing
 10374 | D:10     | Reached skill level 5 in Stealth
 10514 | D:10     | Noticed a two-headed ogre
 10527 | D:10     | Killed a two-headed ogre
 10527 | D:10     | Reached ****** piety under Okawaru
 10528 | D:10     | Reached skill level 9 in Invocations
 10541 | D:10     | Noticed Sonja
 10544 | D:10     | Killed Sonja
 10593 | D:10     | Gained mutation: You are completely attuned to the shadows.
                  | [demonic ancestry]
 10593 | D:10     | Reached XP level 12. HP: 87/91 MP: 18/18
 10790 | D:10     | Found Yxihot's Distillery.
 10795 | D:10     | Bought a potion of resistance for 110 gold pieces
 10795 | D:10     | Bought a potion of heal wounds for 55 gold pieces
 10795 | D:10     | Bought a potion of heal wounds for 55 gold pieces
 11033 | D:10     | Received a gift from Okawaru
 11458 | D:11     | Found a gate to the Vaults.
 11458 | D:11     | Noticed a two-headed ogre
 11521 | D:11     | Noticed a two-headed ogre
 11536 | D:11     | Killed a two-headed ogre
 11536 | D:11     | Received a gift from Okawaru
 11555 | D:11     | Got a heavily runed medium shield {god gift}
 11562 | D:11     | Identified the +2 medium shield of Beisi {Int+4} (Okawaru
                  | gifted it to you on level 11 of the Dungeon)
 12200 | D:11     | Noticed a rakshasa
 12302 | Lair:1   | Entered Level 1 of the Lair of Beasts
 12808 | Lair:1   | Reached skill level 10 in Invocations
 13266 | Lair:2   | Found a staircase to the Swamp.
 13286 | Lair:2   | Noticed a six-headed hydra
 13290 | Lair:2   | Noticed a four-headed hydra
 13307 | Lair:1   | Killed a one-headed hydra
 13316 | Lair:1   | Killed a one-headed hydra
 13396 | Lair:2   | Found a frozen archway.
 13402 | IceCv    | Entered an ice cave
 13968 | IceCv    | Received a gift from Okawaru
 13969 | IceCv    | Reached XP level 13. HP: 92/98 MP: 20/20
 14397 | Lair:2   | Found a staircase to the Snake Pit.
 15756 | Lair:3   | Reached skill level 5 in Short Blades
 15801 | Lair:3   | Noticed Gastronok
 15813 | Lair:3   | Killed Gastronok
 15933 | Lair:3   | Got a clouded emerald amulet
 15934 | Lair:3   | Identified the cursed amulet of Eceitz {Inacc Stlth+} (You
                  | found it on level 3 of the Lair of Beasts)
 16343 | Lair:4   | Got a transparent chain mail
 16354 | Lair:4   | Identified the cursed +1 chain mail of the Apprentice
                  | {Int+4 Stlth+} (You found it on level 4 of the Lair of
                  | Beasts)
 17050 | Lair:4   | Received a gift from Okawaru
 17117 | Lair:4   | Reached skill level 11 in Invocations
 17209 | Lair:4   | Received a gift from Okawaru
 17952 | Lair:5   | Gained mutation: You have razor-sharp toenails. [demonic
                  | ancestry]
 17952 | Lair:5   | Reached XP level 14. HP: 78/108 MP: 22/22
 18845 | Lair:6   | Entered Level 6 of the Lair of Beasts
 19471 | Lair:6   | Received a gift from Okawaru
 19771 | Lair:6   | Reached skill level 10 in Long Blades
 19861 | Lair:6   | Found a runed door.
 19939 | Lair:6   | Found a viscous altar of Jiyva.
 19949 | Lair:6   | Noticed an azure jelly
 20030 | Lair:6   | Noticed an azure jelly
 20108 | Lair:6   | Got a jewelled flail
 20810 | Lair:6   | Found a staircase to the Slime Pits.
 21054 | D:12     | Entered Level 12 of the Dungeon
 21059 | D:12     | Found a shadowy altar of Dithmenos.
 21122 | D:12     | Found a flagged portal.
 21138 | Bailey   | Entered a bailey
 21444 | Bailey   | Gained mutation: You are robust. (+10% HP) [demonic
                  | ancestry]
 21444 | Bailey   | Reached XP level 15. HP: 109/126 MP: 21/23
 21669 | D:12     | Noticed Erolcha
 21679 | D:12     | Killed Erolcha
 21737 | D:12     | Received a gift from Okawaru
 21738 | D:12     | Reached skill level 5 in Armour
 21854 | D:12     | Found a staircase to the Depths.
 22021 | D:12     | Noticed Urug
 22033 | D:12     | Reached skill level 12 in Invocations
 22035 | D:12     | Killed Urug
 22397 | Orc      | Entered the Orcish Mines
 23087 | Orc      | Noticed Snorg
 23106 | Orc      | Killed Snorg
 23240 | Orc      | Reached skill level 10 in Fighting
 23276 | Orc      | Reached skill level 10 in Shields
 23277 | Orc      | Got a fading hand axe
 23489 | Orc      | Paralysed by an orc sorcerer for 3 turns
 23608 | Orc      | Found a staircase to the Elven Halls.
 23833 | Orc      | Found Son Duv's Book Emporium.
 23869 | Orc      | Noticed an orc warlord
 23871 | Orc      | Found a roughly hewn altar of Beogh.
 23902 | Orc      | Killed an orc warlord
 23984 | Orc      | Found Mieniuph's Gadget Shoppe.
 24272 | Orc      | Found a roughly hewn altar of Beogh.
 24307 | Orc      | Paralysed by an orc sorcerer for 4 turns
 24617 | Orc      | Found Vaulyime's General Store.
 24643 | Orc      | Found Teacoz's Book Shoppe.
 24744 | Orc      | Reached skill level 10 in Dodging
 24918 | Orc      | Bought a manual of Throwing for 1545 gold pieces
 25157 | Snake:1  | Entered Level 1 of the Snake Pit
 25180 | Snake:1  | Noticed a nagaraja
 25301 | Snake:1  | Killed a nagaraja
 25311 | Snake:1  | Received a gift from Okawaru
 25323 | Snake:1  | Got an ichor-stained falchion {god gift}
 25603 | Vaults:1 | Entered Level 1 of the Vaults
 25603 | Vaults:1 | Noticed a vault warden
 25629 | Vaults:1 | Killed a vault warden
 25762 | Vaults:1 | Found Dicoffor's General Store.
 25879 | Vaults:1 | HP: 1/127 [white ugly thing[a wizard] (11)]
 26135 | Vaults:1 | Noticed Asterion
 26156 | Vaults:1 | Killed Asterion
 26156 | Vaults:1 | Received a gift from Okawaru
 26157 | Vaults:1 | Reached XP level 16. HP: 103/135 MP: 18/25
 26209 | Vaults:1 | Got a transparent hunting sling {god gift}
 26210 | Vaults:1 | Identified the +9 hunting sling "Mokufur" {flame, Str+2}
                  | (Okawaru gifted it to you on level 1 of the Vaults)
 26324 | Vaults:1 | Noticed Aizul
 26337 | Vaults:1 | Killed from afar by Aizul

Skill      XL: |  1  2  3  4  5  6  7  8  9 10 11 12 13 14 15 16 |
---------------+-------------------------------------------------+-----
Dodging        | 3 4 5 6 7 8 9 10 | 10.2
Fighting       | 2 3 4 5 6 7 8 9 10 | 10.5
Slings         | 1 2 3 4 5 6 7 8 |  8.6
Armour         | 1 2 3 4 5 |  5.9
Invocations    | 1 2 3 4 6 7 9 10 11 12 | 12.7
Shields        | 1 2 3 4 5 6 7 8 9 10 | 10.6
Throwing       | 1 2 3 4 |  4.0
Short Blades   | 1 2 3 4 5 6 7 |  7.2
Long Blades    | 2 4 6 7 9 10 11 | 11.2
Stealth        | 5 6 7 8 9 |  9.6
Maces & Flails | |  0.8

Action                   |  1- 3 |  4- 6 |  7- 9 | 10-12 | 13-15 | 16-18 || total
-------------------------+-------+-------+-------+-------+-------+-------++-------
Melee: Dagger            |    47 |    35 |   177 |   152 |   303 |       ||   714
       Whip              |     2 |       |       |       |       |       ||     2
       Falchion          |       |       |   167 |   937 |    59 |       ||  1163
       Hunting sling     |       |       |       |     2 |       |       ||     2
       Demon blade       |       |       |       |       |  1182 |    50 ||  1232
 Fire: Hunting sling     |   125 |   129 |   231 |   288 |   348 |    13 ||  1134
       Blowgun           |     6 |       |       |       |       |       ||     6
Throw: Tomahawk          |     5 |    13 |    24 |    29 |     3 |       ||    74
       Javelin           |       |       |       |     9 |    12 |       ||    21
Invok: Heroism           |       |       |     1 |    10 |    14 |       ||    25
       Finesse           |       |       |       |     6 |     6 |       ||    12
Evoke: Wand              |       |       |       |     5 |       |       ||     5
  Use: Scroll            |     1 |     3 |       |    18 |    24 |     1 ||    47
       Potion            |       |     3 |     2 |     1 |     4 |       ||    10
 Stab: Invisible         |       |     3 |       |       |       |       ||     3
       Sleeping          |       |       |       |    28 |    69 |       ||    97
       Distracted        |       |       |       |       |     4 |       ||     4
  Eat: Chunk             |     9 |     9 |    26 |    43 |    56 |       ||   143
       Ration            |       |       |       |     3 |     5 |     1 ||     9
Armor: Robe              |    21 |       |       |       |       |       ||    21
       Chain mail        |    13 |    59 |   216 |    38 |       |       ||   326
       Troll leather arm |       |       |       |   280 |   382 |    10 ||   672
       Shadow dragon sca |       |       |       |       |   127 |       ||   127
Dodge: Dodged            |    53 |    61 |   269 |   589 |   641 |    11 ||  1624
Block: Buckler           |     6 |    26 |   118 |   210 |       |       ||   360
       Medium shield     |       |       |       |   301 |  1190 |    15 ||  1506
